 Dungeon Crawl Stone Soup version 0.25.0 (webtiles) character file.

Game seed: 10834597421376872461

154 sentinel the Shield-Bearer (level 5, 0/33 HPs)
             Began as a Gargoyle Fighter on June 12, 2020.
             Slain by an orc wizard
             ... wielding a +0 dagger
              (2 damage)
             ... on level 3 of the Dungeon.
             The game lasted 00:00:50 (1754 turns).

sentinel the Shield-Bearer (Gargoyle Fighter)       Turns: 1754, Time: 00:00:50

Health: 0/33       AC: 11    Str: 21    XL:     5   Next: 36%
Magic:  5/5        EV: 11    Int:  8    God:
Gold:   47         SH:  9    Dex:  9    Spells: 4/4 levels left

rFire    + . .     SeeInvis .   a - +0 war axe
rCold    . . .     Gourm    .   c - +0 kite shield
rNeg     + . .     Faith    .   b - +0 scale mail
rPois    ∞         Spirit   .   (no helmet)
rElec    +         Reflect  .   (no cloak)
rCorr    .         Harm     .   (no gloves)
MR       .....                  (no boots)
Stlth    ..........             (no amulet)
HPRegen  0.11/turn              f - ring of protection from fire
MPRegen  0.09/turn              v - +4 ring of evasion

@: mighty
A: negative energy resistance 1, electricity resistance, unbreathing,
petrification resistance, rot immunity, AC +4
a: no special abilities


You were on level 3 of the Dungeon.
You were hungry.

You visited 1 branch of the dungeon, and saw 3 of its levels.

You collected 47 gold pieces.

Inventory:

Hand Weapons
 a - a +0 war axe (weapon)
Armour
 b - a +0 scale mail (worn)
 c - a +0 kite shield (worn)
Jewellery
 f - a ring of protection from fire (left hand)
 v - a +4 ring of evasion (right hand)
Scrolls
 h - 2 scrolls of identify {unknown}
 j - a scroll of random uselessness {unknown}
 l - a scroll of fear {unknown}
Potions
 g - 2 potions of haste {unknown}
 i - a potion of flight {unknown}
 m - a potion of degeneration {unknown}
Comestibles
 e - 7 rations
 k - 3 chunks of flesh


   Skills:
 + Level 4.1 Fighting
 * Level 3.3 Axes
 + Level 4.1 Armour
 + Level 4.1 Shields


You had 4 spell levels left.
You didn't know any spells.
Your spell library was empty.

Dungeon Overview and Level Annotations

Branches:
Dungeon (3/15)

Altars:
Hepliaklqana


Innate Abilities, Weirdness & Mutations

You are resistant to torment.
Your stone body is resilient. (AC +4)
You are immune to poison.
You resist negative energy. (rN+)
You are resistant to electric shocks. (rElec)
You can survive without breathing.
You are immune to petrification.
You are immune to rotting.


Message History

There are monsters nearby!
You are too confused!
You are too confused!
There are monsters nearby!
You are too confused!
You are too confused!
There are monsters nearby!
You are too confused!
You are too confused!
There are monsters nearby!
You are too confused!
You are too confused!
There are monsters nearby!
You are too confused!
You are too confused!
There are monsters nearby!
You are too confused!
You are too confused!
There are monsters nearby!
You are too confused!
You are too confused!
There are monsters nearby!
You are too confused!
You are too confused!
There are monsters nearby!
You are too confused!
You are too confused!
There are monsters nearby!
You are too confused!
You are too confused!
There are monsters nearby!
You are too confused!
You are too confused!
There are monsters nearby!
You are too confused!
You are too confused!
There are monsters nearby!
You are too confused!
You are too confused!
There are monsters nearby!
You are too confused!
You are too confused!
There are monsters nearby!
You are too confused!
You are too confused!
There are monsters nearby!
You are too confused!
You are too confused!
There are monsters nearby!
You are too confused!
You are too confused!
There are monsters nearby!
You are too confused!
You are too confused!
There are monsters nearby!
You are too confused!
You are too confused!
There are monsters nearby!
You are too confused!
You are too confused!
There are monsters nearby!
You are too confused!
You are too confused!
There are monsters nearby!
You are too confused!
You are too confused!
There are monsters nearby!
You are too confused!
You are too confused!
There are monsters nearby!
You are too confused!
You are too confused!
There are monsters nearby!
You are too confused!
You are too confused!
There are monsters nearby!
You are too confused!
You are too confused!
There are monsters nearby!
You are too confused!
You are too confused!
There are monsters nearby!
You are too confused!
You are too confused!
There are monsters nearby!
You are too confused!
You are too confused!
There are monsters nearby!
You are too confused!
Unknown command.
You are too confused!
There are monsters nearby!
You are too confused!
You are too confused!
There are monsters nearby!
You are too confused!
You are too confused!
There are monsters nearby!
You are too confused!
You are too confused!
There are monsters nearby!
You are too confused!
You barely miss the orc. You miss something. You miss the orc.
The orc misses you. Something hits you but does no damage.
The orc hits you but does no damage.
You closely miss something. You hit the orc.
Your shield prevents you from hitting the orc.
The orc misses you. Something hits you but does no damage.
The orc barely misses you. Something hits you but does no damage.
The orc hits you but does no damage.
Some of the chunks of flesh in your inventory have rotted away.
You closely miss something. You slash the orc!
You kill the orc!
You closely miss the orc. Something hits you but does no damage.
The orc hits you with a +4 falchion.
You miss something. You miss the orc. Something hits you but does no damage.
The orc hits you with a +4 falchion. Something hits you but does no damage.
You bump into the rock wall.
The orc hits you with a +4 falchion!
You hear some strange, mumbled words.
A puff of flame appears from out of thin air!
The puff of flame misses you.
You completely miss something. You closely miss the orc.
You feel less confused. The orc hits you but does no damage.
Something hits you but does no damage. The orc hits you with a +4 falchion.
You miss something. You barely miss the orc. You block something's attack.
The orc closely misses you. Something hits you but does no damage.
You are feeling hungry.
Your shield prevents you from hitting something.
You closely miss the orc. You block the orc's attack.
Something hits you but does no damage.
You miss something. You closely miss the orc.
The orc hits you with a +4 falchion. Something hits you but does no damage.
The orc hits you but does no damage.
You closely miss something. You hit the orc but do no damage.
Something hits you but does no damage. x2; The orc hits you but does no damage.
You miss something. You hit the orc but do no damage.
An orc wizard appears from thin air!
Reactivating autopickup.
You block the orc wizard's attack. You block the orc's attack.
You barely miss the orc wizard. You hit the orc.
The orc wizard casts a spell at you. The magic dart hits you!
The orc hits you with a +4 falchion.
* * * LOW HITPOINT WARNING * * *
You block the orc wizard's attack.
HP warning!
You feel very mighty all of a sudden. The orc closely misses you.
The orc wizard hits you with a +0 dagger.
You die...

.(. # #### ######..## #.....
#... #........# #..#. #...
#........## #... #... #.
#.........# #..###...
.##.........# #.....<.. ..#
....... ##......# #.#
#)o)#.#######.....#
###[######@o..#...###....<.
##...#.....##..(....##.÷#.#.
##..........##.>.....>...#.##
#............##..............
#............................
#........................#.#.
##.....(....##...............
##....)....###..............
###...#.............##....#


You could see an orc wizard and an orc.

Vanquished Creatures
  A hound (D:3)
  A hound skeleton (D:3)
  4 adders
  An ooze (D:2)
  A worm (D:2)
  2 leopard geckos (D:2)
  3 orcs (D:3)
  4 giant cockroaches
  7 goblins
  5 hobgoblins
  A quokka (D:3)
  3 ball pythons
  8 bats
  9 frilled lizards
  9 kobolds
  8 rats
67 creatures vanquished.

Notes
Turn   | Place    | Note
-------+----------+-------------------------------------------
     0 | D:1      | sentinel the Gargoyle Fighter began the quest for the Orb.
     0 | D:1      | Reached XP level 1. HP: 14/14 MP: 1/1
   146 | D:1      | Reached XP level 2. HP: 19/19 MP: 2/2
   825 | D:2      | Reached XP level 3. HP: 23/23 MP: 3/3
  1053 | D:2      | Found a hazy altar of Hepliaklqana.
  1058 | D:2      | Reached XP level 4. HP: 20/29 MP: 4/4
  1656 | D:3      | Reached XP level 5. HP: 32/33 MP: 5/5
  1754 | D:3      | Slain by an orc wizard

Illustrated notes

Levels and vault maps discovered:
D:1:      dpeg_arrival_rooms_b, layout_basic, minivault_14
D:2:      layout_basic, marbit_many_paths
D:3:      minmay_recursive_quarters, layout_rooms, tgw_trog, first_ration

Skill      XL: |  1  2  3  4  5 |
---------------+----------------+-----
Axes           | 2 3 |  3.3
Shields        | 4 |  4.1
Fighting       | 4 |  4.1
Armour         | 4 |  4.1

Action                   |  1- 3 |  4- 6 || total
-------------------------+-------+-------++-------
Melee: War axe           |   145 |   126 ||   271
  Use: Potion            |       |     1 ||     1
  Eat: Chunk             |     1 |     2 ||     3
Armor: Scale mail        |    73 |    84 ||   157
Dodge: Dodged            |    64 |    96 ||   160
Block: Kite shield       |    81 |    92 ||   173
